 Dungeon Crawl Stone Soup version 0.21-a0-591-g2314aa1 (webtiles) character file.

0 Amnesiac the Digger (level 1, 0/10 HPs)
             Began as a Deep Elf Earth Elementalist on Dec 22, 2017.
             Slain by a hobgoblin
             ... wielding a cursed -1 club
              (6 damage)
             ... on level 1 of the Dungeon.
             The game lasted 00:00:03 (17 turns).

Amnesiac the Digger (Deep Elf Earth Elementalist)     Turns: 17, Time: 00:00:03

Health: 0/10       AC:  2    Str:  5    XL:     1   Next: 8%
Magic:  3/6        EV: 13    Int: 19    God:
Gold:   0          SH:  0    Dex: 15    Spells: 5/6 levels left

rFire    . . .     SeeInvis .   (no weapon)
rCold    . . .     Gourm    .   (no shield)
rNeg     . . .     Faith    .   c - +0 robe
rPois    .         Spirit   .   (no helmet)
rElec    .         Reflect  .   (no cloak)
rCorr    .         Harm     .   (no gloves)
MR       .....                  (no boots)
Stlth    ++........             (no amulet)
HPRegen  0.03/turn              (no ring)
MPRegen  0.10/turn              (no ring)

@: no status effects
A: no striking features
a: no special abilities


You were on level 1 of the Dungeon.
You were not hungry.

You visited 1 branch of the dungeon, and saw 1 of its levels.

Inventory:

Missiles
 b - 27 stones (quivered)
Armour
 c - a +0 robe (worn)
Books
 e - a book of Geomancy

   Spells                             Type                      Level
   a - Sandblast                      Earth                        1
   b - Passwall                       Transmutation/Earth          2
   c - Stone Arrow                    Conjuration/Earth            3
   d - Petrify                        Transmutation/Earth          4
   e - Lee's Rapid Deconstruction     Earth                        5
Comestibles
 d - a ration


   Skills:
 - Level 2.4 Dodging
 - Level 2.4 Stealth
 + Level 3.0 Spellcasting
   Level 1.1 Transmutations
 * Level 3.3 Earth Magic


You had 5 spell levels left.
You knew the following spells:

 Your Spells              Type           Power        Failure   Level  Hunger
a - Sandblast             Erth           ###...       3%          1    None


Dungeon Overview and Level Annotations

Branches:
Dungeon (1/15)

Altars:


Message History

Welcome, Amnesiac the Deep Elf Earth Elementalist.
Will you be the one to retrieve the fabulous Orb of Zot from the depths?
Press ? for a list of commands and other information.
Found a staircase leading out of the dungeon.
A rat and a kobold come into view.
The kobold shouts!
You hear a shout!
The kobold throws a stone.
The stone barely misses you.
A hobgoblin comes into view. It is wielding a club.
The kobold closely misses you.
Found 15 gold pieces.
Casting: Sandblast
Confirm with . or Enter, or press ? or * to list all spells.
Aiming: Sandblast
Press: ? - help, Shift-Dir - straight line, f - kobold
Aim: a kobold, wielding a whip The blast of sand hits the kobold.
You kill the kobold!
b - 29 stones The hobgoblin barely misses you.
There are monsters nearby!
You closely miss the hobgoblin. The rat barely misses you.
The hobgoblin hits you with a club.
Casting: Sandblast
Confirm with . or Enter, or press ? or * to list all spells.
Aiming: Sandblast
Press: ? - help, Shift-Dir - straight line, f - hobgoblin
Aim: a hobgoblin, wielding a club The blast of sand hits the hobgoblin.
The hobgoblin is almost dead.
b - 28 stones The rat misses you.
A giant cockroach comes into view.
There are monsters nearby!
You hit the hobgoblin but do no damage.
The hobgoblin is almost dead.
The hobgoblin misses you. The rat barely misses you.
Casting: Sandblast
Confirm with . or Enter, or press ? or * to list all spells.
Aiming: Sandblast
Press: ? - help, Shift-Dir - straight line, f/p - hobgoblin
Aim: a hobgoblin, wielding a club (almost dead)
The blast of sand misses the hobgoblin.
b - 27 stones The hobgoblin hits you with a club.
Ouch! That really hurt!
You die...

#. #.##.## .# ..
.#. #. . .##.. .. #
.. #.#.. . .#..
##.##.#.#..# ###
###.#.#$.#...#..
#<###..##.##).....#
#.#...#.##.#@g.#
#..######.#..r#..#
#### ..#.(#...#s..
###.#.......#.
#...#....##
#.##....#.. #
.##..... # #####


You could see a giant cockroach, a hobgoblin and a rat.

Vanquished Creatures
  A kobold (D:1)
1 creature vanquished.

Notes
Turn   | Place    | Note
-------+----------+-------------------------------------------
     0 | D:1      | Amnesiac the Deep Elf Earth Elementalist began the quest for the Orb.
     0 | D:1      | Reached XP level 1. HP: 10/10 MP: 6/6
    17 | D:1      | Slain by a hobgoblin

Vault maps used:
D:1:      erik_arrival_cave_to_civilisation, minmay_liquid_box

Action                   || total
-------------------------++-------
Melee: Unarmed           ||     2
 Cast: Sandblast         ||     3
Dodge: Dodged            ||     7

Table legend:
 A = Spawn XP
 B = Non-spawn XP
 C = Spawn XP percentage of total XP
 D = Spawn monster count
 E = Non-spawn monster count
 F = Spawn count percentage of total count
 G = Total turns spent on level
                    A         B        C        D         E        F      G
               +---------+---------+-------+---------+---------+-------+---------
         Total |       0 |       1 |   0.0 |       0 |       1 |   0.0 |    17
               +---------+---------+-------+---------+---------+-------+---------
           D:1 |       0 |       1 |   0.0 |       0 |       1 |   0.0 |    17
               +---------+---------+-------+---------+---------+-------+---------
